[Event "Titled Tuesday Blitz February 22 Late 2022"]
[White "Kobalia, Mikhail"]
[Black "Hambleton, Aman"]
[WhiteFideId "4119150"]
[BlackFideId "2606577"]
[WhiteElo "2667"]
[BlackElo "2552"]
[Result "0-1"]
[Round "08"]
[TimeControl "180+1"]
[Date "2022.02.22"]
[WhiteClock "0:00:02"]
[BlackClock "0:00:03"]

1. e4 c5 2. Nf3 e6 3. d4 cxd4 4. Nxd4 Nc6 5. Nc3 Qc7 6. Qd3 a6 7. Nxc6 Qxc6 8. Bf4 b5 9. O-O-O Bb7 10. Be2 Ne7 11. Bf3 Ng6 12. Bg3 Rc8 13. e5 Qc7 14. Bxb7 Qxb7 15. h4 Ne7 16. Kb1 h5 17. f3 b4 18. Ne4 Nd5 19. Bf2 Be7 20. g4 a5 21. Ka1 Qc6 22. Rc1 Qc4 23. g5 O-O 24. Qd2 g6 25. Nf6+ Bxf6 26. gxf6 Kh7 27. Bd4 Rc6 28. Rhg1 a4 29. Rg2 b3 30. c3 a3 31. bxa3 Ra8 32. Qe2 Rxa3 33. Qxc4 Rxc4 34. Kb1 bxa2+ 35. Rxa2 Rxa2 36. Kxa2 g5 37. hxg5 Kg6 38. Kb3 Rc6 39. Ra1 Kxg5 40. Rg1+ Kf5 41. Rg7 d6 42. Rxf7 dxe5 43. Ba7 Rxc3+ 44. Kb2 Rxf3 45. Rf8 Nxf6 46. Bb6 Kg6 47. Bd8 h4 48. Rh8 h3 49. Kc2 Kg7 50. Rh4 Nd5 51. Kd2 Kg6 52. Ke2 Rb3 53. Rh8 Nf4+ 54. Kf1 e4 55. Kf2 e5 56. Bc7 e3+ 57. Ke1 Rb1# 0-1


[Site "https://www.chess.com"]

[Event "Titled Tuesday Blitz February 22 Late 2022"]
[White "Kobo, Ori"]
[Black "Djokic, Mihailo"]
[WhiteFideId "2812320"]
[BlackFideId "976440"]
[WhiteElo "2420"]
[BlackElo "2008"]
[Result "1/2-1/2"]
[Round "08"]
[TimeControl "180+1"]
[Date "2022.02.22"]
[WhiteClock "0:00:07"]
[BlackClock "0:00:05"]

1. Nc3 d5 2. d4 Nf6 3. Bf4 e6 4. Nb5 Na6 5. e3 c6 6. Nc3 Nc7 7. Bd3 Bd6 8. Qf3 b5 9. h4 a5 10. g4 b4 11. Nce2 Ba6 12. g5 Bxf4 13. Qxf4 Nh5 14. Qe5 O-O 15. Nh3 Ne8 16. Nhf4 Nxf4 17. Nxf4 Qd6 18. Qxd6 Nxd6 19. Bxa6 Rxa6 20. Ke2 Rc8 21. Nd3 Ne4 22. Rhc1 f6 23. f3 Ng3+ 24. Kf2 Nf5 25. gxf6 gxf6 26. Nc5 Ra7 27. Nxe6 Re8 28. e4 Nxh4 29. exd5 cxd5 30. Nf4 Rd7 31. Rg1+ Kf7 32. Rh1 Ng6 33. Rxh7+ Kg8 34. Rxd7 Nxf4 35. Re1 Rc8 36. Kg3 Nh5+ 37. Kg4 Ng7 38. Ree7 Ne8 39. Kf5 Kf8 40. Rf7+ Kg8 41. Kg6 Rxc2 42. Rfe7 Rg2+ 43. Kf5 Kf8 44. Rh7 Rg5+ 45. Kf4 Kg8 46. Rhe7 Kf8 47. Ra7 Ng7 48. Rab7 Rh5 49. Ke3 Nf5+ 50. Kd3 Nxe7 51. Ra7 Rf5 52. Ke3 Nc6 53. Ra6 Ne7 54. Rxa5 Rh5 55. Ra8+ Kf7 56. a3 bxa3 57. bxa3 Rh1 58. a4 Ra1 59. Ra7 Ra3+ 60. Kf4 Ke6 61. Ra6+ Kf7 62. Ra7 Kf8 63. Ra8+ Kf7 64. Ra7 1/2-1/2


[Site "https://www.chess.com"]

[Event "Titled Tuesday Blitz February 22 Late 2022"]
[White "Kohler, Aran"]
[Black "Estrada Nieto, Julian"]
[WhiteFideId "1002856"]
[BlackFideId "5101018"]
[WhiteElo "2240"]
[BlackElo "2246"]
[Result "0-1"]
[Round "08"]
[TimeControl "180+1"]
[Date "2022.02.23"]
[WhiteClock "0:00:02"]
[BlackClock "0:01:13"]

1. e4 e5 2. Nf3 Nc6 3. Bb5 a6 4. Ba4 Nf6 5. O-O Be7 6. Re1 b5 7. Bb3 d6 8. h3 O-O 9. c3 Na5 10. Bc2 c5 11. d4 Qc7 12. Nbd2 cxd4 13. cxd4 Bd7 14. d5 Rac8 15. Bd3 Nb7 16. Nf1 Nc5 17. Bb1 a5 18. Ng3 a4 19. Bd2 Rfe8 20. Bb4 Qb6 21. Qd2 h6 22. Kh2 Nh7 23. Bc2 Ng5 24. Ba5 Qb8 25. Bd1 Nxf3+ 26. Bxf3 Bg5 27. Qe2 b4 28. a3 Nb3 29. Bxb4 Nxa1 30. Rxa1 Qb6 31. Nf1 Bb5 32. Qe1 Rc2 33. Bc3 Qxf2 34. Qxf2 Rxf2 35. Kg3 Rxf1 36. Rxf1 Bxf1 37. Bg4 Bf4+ 38. Kf2 Bc4 39. Bd7 Rb8 40. Bxa4 Bc1 41. Bc6 Bxb2 42. Bb4 Rxb4 43. axb4 Bd4+ 44. Kf3 Kf8 45. b5 Ke7 46. g3 g6 47. h4 h5 48. g4 hxg4+ 49. Kxg4 Bd3 50. Kf3 Bb6 51. Bb7 Kf6 52. Bc6 Kg7 53. Be8 f6 54. Bd7 Kh6 55. Be8 f5 56. exf5 gxf5 57. h5 e4+ 58. Kf4 e3 59. Kf3 Kg5 60. h6 Be4+ 61. Ke2 Kxh6 62. Bd7 Kg5 63. Bc6 f4 64. Bd7 f3+ 65. Kf1 e2+ 66. Ke1 Bd3 0-1


[Site "https://www.chess.com"]

[Event "Titled Tuesday Blitz February 22 Late 2022"]
[White "Kopczynski, Michal"]
[Black "Buchenau, Frank"]
[WhiteFideId "1124200"]
[BlackFideId "4604350"]
[WhiteElo "2235"]
[BlackElo "2193"]
[Result "0-1"]
[Round "08"]
[TimeControl "180+1"]
[Date "2022.02.23"]
[WhiteClock "0:00:40"]
[BlackClock "0:00:08"]

1. e4 e6 2. d4 d5 3. Nc3 Nf6 4. e5 Nfd7 5. f4 c5 6. dxc5 Nc6 7. Nf3 Bxc5 8. Bd3 f5 9. exf6 Nxf6 10. Qe2 O-O 11. Bd2 a6 12. O-O-O b5 13. g4 b4 14. Na4 Be7 15. g5 Nh5 16. Ne5 Nxe5 17. Bxh7+ Kxh7 18. Qxh5+ Kg8 19. fxe5 Rf5 20. h4 Bd7 21. Rdf1 Be8 22. Qg4 Bxa4 23. Rxf5 exf5 24. Qxf5 Qc8 25. e6 Qf8 26. Qxd5 Rc8 27. b3 Bc6 28. Qd3 Bxh1 29. h5 Bg2 30. Kb2 Bd6 31. a4 Be5+ 32. Ka2 Qf1 33. Qxf1 Rxc2+ 34. Kb1 Rb2+ 35. Kc1 Bxf1 36. g6 Bd3 37. Bxb4 Rxb3 38. e7 Bf4+ 39. Kd1 Rb1# 0-1


[Site "https://www.chess.com"]

[Event "Titled Tuesday Blitz February 22 Late 2022"]
[White "Kosakowski, Jakub"]
[Black "Sviridov, Valery"]
[WhiteFideId "1185080"]
[BlackFideId "4120680"]
[WhiteElo "2476"]
[BlackElo "2454"]
[Result "1-0"]
[Round "08"]
[TimeControl "180+1"]
[Date "2022.02.22"]
[WhiteClock "0:00:26"]
[BlackClock "0:00:15"]

1. d4 g6 2. e4 Bg7 3. Nc3 d6 4. Be3 a6 5. Qd2 b5 6. O-O-O Bb7 7. f3 Nd7 8. h4 Ngf6 9. g4 h6 10. Nh3 e6 11. g5 hxg5 12. Nxg5 Qe7 13. a4 b4 14. Ne2 a5 15. Nf4 d5 16. e5 Nh5 17. Nxh5 Rxh5 18. f4 O-O-O 19. Be2 Rh6 20. Kb1 Rdh8 21. Bf2 Kb8 22. c3 b3 23. Rc1 Nb6 24. Qd1 Bc6 25. Qxb3 Bxa4 26. Qa2 Kb7 27. c4 dxc4 28. Bxc4 Rd8 29. Rh3 Rd7 30. Ra3 Bc6 31. Rxa5 Bg2 32. d5 Bxd5 33. Bxd5+ Rxd5 34. Ra7+ Kb8 35. Bxb6 1-0


[Site "https://www.chess.com"]

[Event "Titled Tuesday Blitz February 22 Late 2022"]
[White "Kostiukov, Alexandr"]
[Black "Desideri, Ricardo Maruchi"]
[WhiteFideId "14108100"]
[BlackFideId "2110440"]
[WhiteElo "2202"]
[BlackElo "1945"]
[Result "1-0"]
[Round "08"]
[TimeControl "180+1"]
[Date "2022.02.23"]
[WhiteClock "0:00:04"]
[BlackClock "0:00:01"]

1. e4 c5 2. Nf3 d6 3. d4 cxd4 4. Nxd4 Nf6 5. Nc3 a6 6. Be2 e6 7. Rg1 b5 8. a3 Bb7 9. f3 Nbd7 10. g4 Nb6 11. g5 Nfd7 12. h4 Be7 13. Be3 Ne5 14. h5 Nbc4 15. Bc1 g6 16. f4 Nd7 17. Bxc4 bxc4 18. Qg4 Nc5 19. f5 gxf5 20. exf5 e5 21. g6 hxg6 22. hxg6 exd4 23. gxf7+ Kd7 24. f6+ Kc6 25. Qxd4 Bxf6 26. Qd5+ Kb6 27. Be3 Bxd5 28. Nxd5+ Ka7 29. Rd1 Bh4+ 30. Kd2 Qa5+ 31. Kc1 Raf8 32. Rdf1 Rh7 33. Kb1 Rhxf7 34. Rxf7+ Rxf7 35. Bc1 Bd8 36. b4 cxb3 37. cxb3 Bf6 38. b4 Qb5 39. Rf1 Qc4 40. Nxf6 Qd3+ 41. Ka2 Qxf1 42. bxc5 Qd3 43. Bb2 Rxf6 44. Ka1 1-0


[Site "https://www.chess.com"]

[Event "Titled Tuesday Blitz February 22 Late 2022"]
[White "Kukhmazov, Arsen"]
[Black "Gomez Ledo, Roberto Carlos"]
[WhiteFideId "24108260"]
[BlackFideId "3507076"]
[WhiteElo "2487"]
[BlackElo "2379"]
[Result "1-0"]
[Round "08"]
[TimeControl "180+1"]
[Date "2022.02.22"]
[WhiteClock "0:00:22"]
[BlackClock "0:00:03"]

1. d4 Nf6 2. c4 e6 3. Nf3 d5 4. e3 c5 5. cxd5 Nxd5 6. dxc5 Bxc5 7. e4 Nf6 8. Qxd8+ Kxd8 9. Nc3 Ng4 10. Bg5+ f6 11. Bh4 Nc6 12. h3 Nge5 13. Nxe5 Nxe5 14. O-O-O+ Ke7 15. Be2 Bd7 16. Bg3 a6 17. Kb1 Bc6 18. f4 Ng6 19. f5 Ne5 20. Bxe5 fxe5 21. fxe6 Kxe6 22. Bg4+ Ke7 23. Nd5+ Kf7 24. Rhf1+ Kg6 25. b4 Bd4 26. Ne7+ Kg5 27. Rf5+ Kh4 28. Rh5+ Kg3 29. Nf5+ Kh2 30. Nxd4 exd4 31. Rxd4 Rad8 32. Rxd8 Rxd8 33. Bf3 h6 34. Kc2 Kg3 35. Re5 Rd7 36. Kc3 Kf4 37. Re6 Ke3 38. Kc4 Bb5+ 39. Kc5 Bc6 40. Kb6 Rd4 41. a3 Rd3 42. e5 Bxf3 43. gxf3 Rxa3 44. Kxb7 Rb3 45. Rb6 Kxf3 46. e6 Kf4 47. Kc7 g5 48. Kd7 Rd3+ 49. Rd6 Re3 50. e7 h5 51. Re6 Rd3+ 52. Kc7 Rc3+ 53. Kb7 Rc4 54. e8=Q Rxb4+ 55. Ka7 1-0


[Site "https://www.chess.com"]

[Event "Titled Tuesday Blitz February 22 Late 2022"]
[White "Lehtosaari, Mauri"]
[Black "Liang, Jason"]
[WhiteFideId "501999"]
[BlackFideId "30940303"]
[WhiteElo "2437"]
[BlackElo "1976"]
[Result "1-0"]
[Round "08"]
[TimeControl "180+1"]
[Date "2022.02.23"]
[WhiteClock "0:00:20"]
[BlackClock "0:00:02"]

1. d4 d5 2. Nf3 Nc6 3. Bg5 Bg4 4. Nbd2 Nf6 5. c3 Ne4 6. Bf4 e6 7. h3 Bh5 8. Qb3 Nxd2 9. Nxd2 Bd6 10. e3 O-O 11. Qxb7 Bxf4 12. exf4 Qd6 13. Qa6 Rab8 14. Nb3 Rb6 15. Qd3 Qxf4 16. Be2 Bg6 17. Qe3 Qxe3 18. fxe3 a5 19. O-O a4 20. Nc5 Rxb2 21. Bd3 Bxd3 22. Nxd3 Rc2 23. Rfc1 Rxc1+ 24. Rxc1 Rb8 25. c4 Rb6 26. cxd5 exd5 27. Rc5 Kf8 28. Rxd5 Rb1+ 29. Kh2 Ke7 30. Nc5 a3 31. Rd7+ Ke8 32. Rxc7 Nb4 33. Ra7 Nc2 34. d5 Rd1 35. e4 g6 36. Kg3 Rd2 37. Kf4 1-0


[Site "https://www.chess.com"]

[Event "Titled Tuesday Blitz February 22 Late 2022"]
[White "Loay, Sameer"]
[Black "Papasimakopoulos, Alexandros"]
[WhiteFideId "8104239"]
[BlackFideId "4244125"]
[WhiteElo "2040"]
[BlackElo "2340"]
[Result "1-0"]
[Round "08"]
[TimeControl "180+1"]
[Date "2022.02.22"]
[WhiteClock "0:00:16"]
[BlackClock "0:00:02"]

1. Nf3 d5 2. g3 c6 3. Bg2 Bf5 4. O-O e6 5. d3 Nd7 6. Nbd2 Ngf6 7. b3 h6 8. Bb2 Be7 9. e4 Bh7 10. Qe2 O-O 11. Ne5 Nxe5 12. Bxe5 Nd7 13. Bb2 a5 14. a4 Qc7 15. f4 dxe4 16. dxe4 Rfd8 17. Kh1 Bf6 18. Bxf6 Nxf6 19. e5 Nd5 20. Nc4 Nb4 21. Be4 Bxe4+ 22. Qxe4 Nd5 23. Nd6 Ne7 24. c4 b6 25. Rad1 Rd7 26. Rc1 Nc8 27. Nxc8 Rxc8 28. c5 b5 29. axb5 cxb5 30. c6 Rd2 31. Rfd1 Qd8 32. Rxd2 Qxd2 33. Rc2 Qd1+ 34. Kg2 g6 35. c7 Kg7 36. Qc6 h5 37. Rf2 a4 38. bxa4 bxa4 39. Qb7 Qd7 40. Rc2 a3 41. Kh3 a2 42. Rxa2 Rxc7 43. Qb3 Rb7 44. Qf3 Qb5 45. Re2 Rd7 46. Qe3 Rd3 47. Qe4 Rb3 48. Rf2 Rb1 49. Qa8 Rg1 50. Qd8 Qc4 51. Qf6+ Kg8 52. Qd8+ Kh7 53. Qf6 Qc7 54. f5 exf5 55. e6 fxe6 56. Qxe6 Qb7 57. Rd2 Kh6 58. Qe3+ Kg7 59. Qxg1 Kh6 60. Qd4 Qc8 61. Qh8+ Kg5 62. Qxc8 f4 63. Qd8+ Kf5 64. Rd5+ Ke4 65. Qd6 Kf3 66. Qxf4+ Ke2 67. Re5+ Kd1 68. Qf6 Kc2 69. Re7 Kb3 70. Qf8 Ka4 71. Qd8 Kb3 72. Rc7 Ka2 73. Qb8 Ka1 74. Ra7# 1-0


[Site "https://www.chess.com"]

[Event "Titled Tuesday Blitz February 22 Late 2022"]
[White "Lock, Gavin R"]
[Black "Golubovskis, Maksims"]
[WhiteFideId "408646"]
[BlackFideId "11608528"]
[WhiteElo "2104"]
[BlackElo "2066"]
[Result "1-0"]
[Round "08"]
[TimeControl "180+1"]
[Date "2022.02.23"]
[WhiteClock "0:02:03"]
[BlackClock "0:01:11"]

1. d4 Nf6 2. Nf3 c5 3. d5 g6 4. Nc3 Bg7 5. e4 O-O 6. e5 Ne8 7. h4 e6 8. h5 exd5 9. Nxd5 Nc6 10. hxg6 hxg6 11. Bh6 Nxe5 12. Bxg7 Nxf3+ 13. Qxf3 Nxg7 14. Nf6+ 1-0


[Site "https://www.chess.com"]

[Event "Titled Tuesday Blitz February 22 Late 2022"]
[White "Maltsevskaya, Aleksandra"]
[Black "Zakhartsov, Vladimir"]
[WhiteFideId "24174041"]
[BlackFideId "4145097"]
[WhiteElo "2283"]
[BlackElo "2432"]
[Result "1-0"]
[Round "08"]
[TimeControl "180+1"]
[Date "2022.02.22"]
[WhiteClock "0:00:05"]
[BlackClock "0:00:22"]

1. e4 c6 2. Nc3 d5 3. Nf3 Bg4 4. h3 Bxf3 5. Qxf3 e6 6. g3 Nf6 7. Bg2 Bd6 8. d4 dxe4 9. Nxe4 Nxe4 10. Qxe4 Nd7 11. O-O Nf6 12. Qe2 O-O 13. c4 Re8 14. Be3 e5 15. dxe5 Bxe5 16. Rfd1 Qe7 17. Rd3 Qb4 18. Rb3 Qe7 19. Rd1 a5 20. Bb6 Qf8 21. Re3 Bd6 22. b3 Bc5 23. Bxc5 Qxc5 24. Rxe8+ Rxe8 25. Qd3 h5 26. Qd4 Qf5 27. Rd3 Re1+ 28. Kh2 c5 29. Qd8+ Kh7 30. Rf3 Qg5 31. Qxa5 Ng4+ 32. hxg4 Rd1 33. Rf5 Qxg4 34. Qxc5 h4 35. Rh5+ Kg6 36. Rxh4 Qe2 37. Be4+ Kf6 38. Rf4+ Ke6 39. Qf5+ Kd6 40. Bg2 f6 41. c5+ Kc7 42. Qe4 Qh5+ 43. Rh4 Qxc5 44. Qxb7+ Kd6 45. Qb8+ Kd7 46. Qb7+ Kd6 47. Qb4 g5 48. Qxc5+ Kxc5 49. Rc4+ Kb5 50. a4+ Ka5 51. Rc6 Rd2 52. Rxf6 Kb4 53. Rf5 g4 54. Rf4+ Ka3 55. a5 Rd5 56. Bxd5 1-0


[Site "https://www.chess.com"]

[Event "Titled Tuesday Blitz February 22 Late 2022"]
[White "Martin Barcelo, Carles"]
[Black "Tregubov, Pavel V."]
[WhiteFideId "24561444"]
[BlackFideId "4115341"]
[WhiteElo "1875"]
[BlackElo "2341"]
[Result "0-1"]
[Round "08"]
[TimeControl "180+1"]
[Date "2022.02.23"]
[WhiteClock "0:02:03"]
[BlackClock "0:02:48"]

1. e4 e6 2. d4 d5 3. e5 c5 4. c3 Nc6 5. Nf3 Qb6 6. a3 Bd7 7. b4 cxd4 8. cxd4 Rc8 9. Bb2 Nh6 10. Nc3 Na5 11. Na4 Qc6 12. Rc1 Nc4 13. Qb3 Qxa4 14. Bxc4 dxc4 0-1


[Site "https://www.chess.com"]

[Event "Titled Tuesday Blitz February 22 Late 2022"]
[White "Martinez Alcantara, Jose Eduardo"]
[Black "Bryakin, Mikhail"]
[WhiteFideId "3805662"]
[BlackFideId "4165314"]
[WhiteElo "2690"]
[BlackElo "2421"]
[Result "1-0"]
[Round "08"]
[TimeControl "180+1"]
[Date "2022.02.22"]
[WhiteClock "0:01:51"]
[BlackClock "0:02:04"]

1. e4 c5 2. Nf3 d6 3. c3 Nf6 4. h3 g6 5. Bd3 Bg7 6. Bc2 e5 7. d4 Nc6 8. d5 Ne7 9. O-O O-O 10. a4 Nh5 11. Na3 f5 12. Nc4 f4 13. Ng5 Qc7 14. a5 Bf6 15. Ne6 Bxe6 16. dxe6 Ng7 17. Qxd6 Rac8 18. Qxc7 Rxc7 19. Rd1 Rfc8 20. Bd2 Rc6 21. Be1 Nxe6 22. Ba4 Nf8 23. Bxc6 Rxc6 24. Rd6 Kf7 25. Rxc6 Nxc6 26. Nd6+ 1-0


[Site "https://www.chess.com"]

[Event "Titled Tuesday Blitz February 22 Late 2022"]
[White "Medeiros Jr, Francisco De Assis"]
[Black "Sanchez Alvares, Kelvin Antonio"]
[WhiteFideId "2114267"]
[BlackFideId "3906680"]
[WhiteElo "1998"]
[BlackElo "2193"]
[Result "0-1"]
[Round "08"]
[TimeControl "180+1"]
[Date "2022.02.23"]
[WhiteClock "0:00:36"]
[BlackClock "0:00:53"]

1. d4 Nf6 2. Nf3 c5 3. c3 d5 4. Bg5 Ne4 5. Bf4 Nc6 6. e3 Qb6 7. Qb3 c4 8. Qxb6 axb6 9. Nbd2 Bf5 10. a3 b5 11. Rc1 e6 12. Nh4 Nxd2 13. Kxd2 Bg6 14. Nxg6 hxg6 15. h4 Na5 16. Rd1 Be7 17. Be2 Kd7 18. Bg5 Nc6 19. Bf3 f6 20. Bf4 e5 21. dxe5 fxe5 22. Bg3 Ke6 23. Bg4+ Kf7 24. Kc2 Rad8 25. f4 e4 26. h5 Bc5 27. hxg6+ Kxg6 28. Rxh8 Rxh8 29. Rxd5 Bxe3 30. Bf5+ Kf6 31. Bxe4 Rh1 32. Rd1 Rh8 33. Bf3 Ne7 34. Rd7 Nf5 35. Be1 Rh1 36. g4 Rxe1 37. gxf5 Rc1# 0-1


[Site "https://www.chess.com"]

[Event "Titled Tuesday Blitz February 22 Late 2022"]
[White "Migot, Tangi"]
[Black "Horak, Martin"]
[WhiteFideId "662445"]
[BlackFideId "367095"]
[WhiteElo "2503"]
[BlackElo "1997"]
[Result "1/2-1/2"]
[Round "08"]
[TimeControl "180+1"]
[Date "2022.02.23"]
[WhiteClock "0:01:02"]
[BlackClock "0:00:08"]

1. Nf3 Nf6 2. c3 g6 3. d4 Bg7 4. Bg5 O-O 5. Nbd2 d5 6. h4 h6 7. Bxf6 Bxf6 8. e4 dxe4 9. Nxe4 Bg7 10. h5 g5 11. Bd3 Nc6 12. Qe2 e5 13. Nxe5 Nxe5 14. dxe5 Qe7 15. Nf6+ Bxf6 16. exf6 Qxf6 17. O-O-O Qf4+ 18. Kb1 Bf5 19. g3 Bxd3+ 20. Rxd3 Qf5 21. Rd1 Rad8 22. Kc1 Rde8 23. Qc2 Re7 24. Rd7 Qxc2+ 25. Kxc2 Rfe8 26. b4 Kg7 27. a4 f5 28. a5 Kf6 29. R1d4 Rxd7 30. Rxd7 Re7 31. Rxe7 Kxe7 32. Kd3 Kd6 33. f4 gxf4 34. gxf4 b6 35. a6 c5 36. Kc4 Kc6 37. b5+ Kd6 38. Kd3 Kd5 39. c4+ Kd6 40. Ke3 Ke6 41. Kd3 Kd6 42. Ke3 Ke6 43. Kd3 Kd6 1/2-1/2


[Site "https://www.chess.com"]

[Event "Titled Tuesday Blitz February 22 Late 2022"]
[White "Mogranzini, Roberto"]
[Black "Cunha, Lucas Aguiar"]
[WhiteFideId "810894"]
[BlackFideId "2125404"]
[WhiteElo "2469"]
[BlackElo "2361"]
[Result "1-0"]
[Round "08"]
[TimeControl "180+1"]
[Date "2022.02.23"]
[WhiteClock "0:01:28"]
[BlackClock "0:00:52"]

1. e4 c5 2. Nf3 e6 3. g3 Nc6 4. Bg2 Nf6 5. Qe2 d5 6. e5 Nd7 7. d3 h6 8. h4 g6 9. O-O Bg7 10. Bf4 Qb6 11. c3 Qc7 12. Re1 a5 13. a4 b6 14. Na3 Ba6 15. Nb5 Bxb5 16. axb5 Na7 17. c4 dxc4 18. dxc4 Rd8 19. Nh2 O-O 20. Ng4 Kh7 21. Qe3 h5 22. Nf6+ Kh8 23. Bg5 Nc8 24. Bc6 Nb8 25. Bf3 Ne7 26. g4 hxg4 27. Bxg4 Rd4 28. Qh3 Nf5 29. h5 Bh6 30. hxg6 Kg7 31. Bxf5 Rh8 32. Bxh6+ Rxh6 33. Ne8+ 1-0


[Site "https://www.chess.com"]

[Event "Titled Tuesday Blitz February 22 Late 2022"]
[White "Moroni, Luca Jr"]
[Black "Kollars, Dmitrij"]
[WhiteFideId "865834"]
[BlackFideId "12909572"]
[WhiteElo "2573"]
[BlackElo "2584"]
[Result "1-0"]
[Round "08"]
[TimeControl "180+1"]
[Date "2022.02.22"]
[WhiteClock "0:00:05"]
[BlackClock "0:00:10"]

1. d4 Nf6 2. Bf4 d5 3. e3 c5 4. dxc5 e6 5. b4 Bd7 6. c3 a5 7. Nd2 axb4 8. cxb4 b6 9. cxb6 Bxb4 10. Bc7 Qe7 11. Nf3 O-O 12. Bd3 Na6 13. b7 Nc5 14. Qb1 Nxb7 15. O-O Na5 16. Rc1 Nc6 17. a4 e5 18. Bb5 Rac8 19. Bxc6 Rxc7 20. Bxd7 Rxd7 21. Nf1 Ra8 22. Nxe5 Qxe5 23. Qxb4 Rda7 24. Nd2 h5 25. h3 Qe8 26. a5 Qd8 27. Rc5 Ra6 28. Rb5 Qc7 29. Qc5 Qe5 30. Rc1 Qf5 31. Nf3 g6 32. Nd4 Qd3 33. Qc7 Ne4 34. Rb8+ Rxb8 35. Qxb8+ Kg7 36. Qe5+ Rf6 37. Rf1 Nd2 38. Ra1 Qc3 39. Ne6+ 1-0


[Site "https://www.chess.com"]

[Event "Titled Tuesday Blitz February 22 Late 2022"]
[White "Moskvin, Anatoly"]
[Black "Vusatiuk, Vladimir"]
[WhiteFideId "24199990"]
[BlackFideId "14118610"]
[WhiteElo "2079"]
[BlackElo "2157"]
[Result "0-1"]
[Round "08"]
[TimeControl "180+1"]
[Date "2022.02.23"]
[WhiteClock "0:00:01"]
[BlackClock "0:00:06"]

1. e4 c5 2. Nf3 d6 3. d4 cxd4 4. Nxd4 Nf6 5. f3 Nc6 6. c4 g6 7. Nc3 Bg7 8. Be3 O-O 9. Be2 Nxd4 10. Bxd4 a6 11. O-O Bd7 12. a4 Rc8 13. a5 Bc6 14. b4 e6 15. b5 Be8 16. Bb6 Qe7 17. bxa6 bxa6 18. c5 dxc5 19. Bxa6 Ra8 20. Bc4 Nd7 21. Qb3 Nxb6 22. axb6 Bc6 23. g3 Bd4+ 24. Kg2 Rxa1 25. Rxa1 Qf6 26. Ra3 Rb8 27. Ne2 Be5 28. Qb1 g5 29. Kg1 Bb2 30. Rb3 Bd4+ 31. Kg2 g4 32. fxg4 Qe5 33. Kh3 Bxe4 34. b7 Bxb1 0-1


[Site "https://www.chess.com"]

[Event "Titled Tuesday Blitz February 22 Late 2022"]
[White "Nakamura, Hikaru"]
[Black "Martirosyan, Haik M."]
[WhiteFideId "2016192"]
[BlackFideId "13306553"]
[WhiteElo "2850"]
[BlackElo "2735"]
[Result "1-0"]
[Round "08"]
[TimeControl "180+1"]
[Date "2022.02.22"]
[WhiteClock "0:01:02"]
[BlackClock "0:00:05"]

1. Nf3 Nf6 2. b3 d5 3. Bb2 Bf5 4. g3 e6 5. d3 h6 6. Nbd2 Bh7 7. Bg2 Be7 8. O-O O-O 9. Re1 a5 10. a3 c6 11. e4 Nbd7 12. Qe2 b5 13. Nd4 Qb6 14. a4 Bc5 15. N4f3 dxe4 16. dxe4 Rfd8 17. h3 Bb4 18. Red1 Qc7 19. axb5 cxb5 20. Nd4 e5 21. c3 exd4 22. cxb4 Ne5 23. Qxb5 Rab8 24. Qxa5 Qe7 25. Qc5 Qe6 26. Bxd4 Nd3 27. Qc3 Nxb4 28. Bxf6 gxf6 29. Nc4 Nc6 30. Rxd8+ Rxd8 31. Ne3 Nd4 32. Qc4 Qxc4 33. bxc4 Ne2+ 34. Kh2 Kg7 35. g4 Nc3 36. f3 Rd3 37. Nd5 Ne2 38. Bf1 Rd2 39. Bxe2 Rxe2+ 40. Kg3 1-0


[Site "https://www.chess.com"]

[Event "Titled Tuesday Blitz February 22 Late 2022"]
[White "Naroditsky, Daniel"]
[Black "Ponkratov, Pavel"]
[WhiteFideId "2026961"]
[BlackFideId "4157800"]
[WhiteElo "2608"]
[BlackElo "2487"]
[Result "1-0"]
[Round "08"]
[TimeControl "180+1"]
[Date "2022.02.22"]
[WhiteClock "0:00:06"]
[BlackClock "0:00:21"]

1. d4 e6 2. e4 d5 3. e5 c5 4. Nf3 Bd7 5. Bd3 Qb6 6. dxc5 Bxc5 7. O-O Bb5 8. Nc3 Bxd3 9. cxd3 Qa6 10. Be3 Nd7 11. Qb3 Ne7 12. Nb5 Qb6 13. d4 a6 14. a4 Ba3 15. Rxa3 axb5 16. axb5 O-O 17. Rc1 Rac8 18. Raa1 Nf5 19. Qb4 h6 20. h3 Rxc1+ 21. Rxc1 Ra8 22. Bd2 Qd8 23. Kh2 Nb6 24. b3 Nd7 25. Qc3 Qb6 26. Qb4 Qd8 27. Qc3 Qb6 28. g4 Ne7 29. Qb4 Qd8 30. Qd6 Rc8 31. Ra1 Rc2 32. Kg3 Nc8 33. Ra8 Qe8 34. Qa3 Ndb6 35. Ra5 Qd8 36. Be3 Qc7 37. Qb4 Ne7 38. Ra1 Ng6 39. h4 Nf8 40. h5 Nfd7 41. g5 hxg5 42. Nxg5 Nc8 43. Rh1 Ndb6 44. h6 gxh6 45. Rxh6 Ne7 46. Kg4 Ra2 47. Qe1 Qc2 48. Qh1 Qf5+ 49. Kg3 Ng6 50. Rh7 Rxf2 51. Rxf7 Qxg5+ 52. Bxg5 Rxf7 53. Qh6 Nf8 54. Bf6 Rh7 55. Qg5+ Kf7 56. Qf4 Nbd7 57. Bg5+ Ke8 58. Qg4 Rf7 59. Qh5 b6 60. Bf6 Nh7 61. Bh4 Ndf8 62. Qh6 Rf5 63. Qg7 Rf7 64. Qg8 Rf5 65. Kh3 Rf7 66. Qg1 Rf3+ 67. Kg2 Rxb3 68. Qc1 Kf7 69. Qc7+ Kg6 70. Qxb6 Kf5 71. Qc6 Ng6 72. Bg3 Ng5 73. Qc2+ Ne4 74. Qxb3 Kg4 75. Qf3+ Kg5 76. b6 Nd2 77. Qe3+ Kg4 78. Qxd2 1-0


[Site "https://www.chess.com"]

[Event "Titled Tuesday Blitz February 22 Late 2022"]
[White "Novikov, Evgenij"]
[Black "Klukin, Kirill"]
[WhiteFideId "4125380"]
[BlackFideId "24199273"]
[WhiteElo "2242"]
[BlackElo "2324"]
[Result "0-1"]
[Round "08"]
[TimeControl "180+1"]
[Date "2022.02.23"]
[WhiteClock "0:00:02"]
[BlackClock "0:00:21"]

1. e4 c5 2. Nf3 Nc6 3. Bb5 Nf6 4. d3 d6 5. Bxc6+ bxc6 6. h3 e5 7. O-O Be7 8. Nh2 O-O 9. f4 exf4 10. Bxf4 Be6 11. Nd2 Nd7 12. Nc4 Nb6 13. b3 Nxc4 14. dxc4 d5 15. cxd5 cxd5 16. Qe2 d4 17. Rad1 Re8 18. c4 a5 19. a4 Qb6 20. Rd3 Bd6 21. e5 Be7 22. Ng4 Rab8 23. Rg3 Bxg4 24. Qxg4 Qg6 25. e6 fxe6 26. Qxg6 hxg6 27. Bxb8 Rxb8 28. Rxg6 Rxb3 29. Rxe6 Bf6 30. Ra6 Rb4 31. Rxa5 Rxc4 32. Ra8+ Kh7 33. a5 Ra4 34. a6 c4 35. Rc8 c3 36. Rc6 d3 37. Rd1 c2 38. Rxd3 Ra1+ 39. Kf2 c1=Q 40. Rxc1 Rxc1 41. Ra3 Rc8 42. Kf3 Bd4 43. g3 Kg6 44. h4 Rc7 45. Ra5 Ba7 46. Kg4 Rc4+ 47. Kh3 Kf6 48. Ra3 Rc6 49. Rf3+ Kg6 50. Ra3 Kf7 51. Kg4 Ke7 52. h5 Kf7 53. Kh4 Kg8 54. Kg5 Kh7 55. Ra4 Rc5+ 56. Kh4 Kh6 57. g4 Rb5 58. Rc4 Kh7 59. Rc7 Bf2+ 60. Kh3 Ra5 61. Kg2 Bb6 62. Rc6 Rxa6 63. g5 Ra2+ 64. Kf3 Bd4 65. Kg4 Ra4 66. Rc8 Bf6+ 67. Kf5 Ra5+ 68. Ke6 Rxg5 69. Kf7 Rxh5 70. Rc4 Rh4 71. Rc2 Kh6 72. Rg2 Kh5 73. Rg6 Rg4 74. Rxg4 Kxg4 75. Kg6 Kf4 76. Kh5 g5 0-1


[Site "https://www.chess.com"]

[Event "Titled Tuesday Blitz February 22 Late 2022"]
[White "Novikova, Galina"]
[Black "Vine, Elzbieta"]
[WhiteFideId "4157095"]
[BlackFideId "1119320"]
[WhiteElo "1863"]
[BlackElo "1876"]
[Result "1-0"]
[Round "08"]
[TimeControl "180+1"]
[Date "2022.02.23"]
[WhiteClock "0:02:00"]
[BlackClock "0:01:04"]

1. e4 c5 2. Nf3 a6 3. b4 cxb4 4. a3 bxa3 5. Nxa3 d6 6. d4 Nf6 7. Bd3 b5 8. Nxb5 Bb7 9. Nc3 Nc6 10. O-O e6 11. Qe2 Be7 12. Bxa6 Bxa6 13. Rxa6 Rxa6 14. Qxa6 Nb4 15. Qb5+ Qd7 16. Qxb4 O-O 17. Qb5 Qc7 18. Bd2 Rb8 19. Qd3 Rc8 20. Rb1 h6 21. h3 Qc6 22. e5 Nd7 23. exd6 Bxd6 24. Ne4 Be7 25. c3 Nb6 26. Ne5 Qc7 27. Qf3 Nc4 28. Qxf7+ Kh7 29. Bxh6 Bf8 30. Nf6+ Kxh6 31. Qh5# 1-0


[Site "https://www.chess.com"]